 Dungeon Crawl Stone Soup version 0.25-a0-489-g9ae84a01e3 (console) character file.

Game seed: 18031176164084162921, levelgen mode: deterministic

1 Kagalorn the Charmwright (level 1, 6/17 HPs)
             Began as a Centaur Skald on Feb 11, 2020.
             Quit the game on level 1 of the Dungeon.
             The game lasted 00:00:51 (41 turns).

Kagalorn the Charmwright (Centaur Skald)              Turns: 41, Time: 00:00:52

Health: 6/17       AC:  4    Str: 13    XL:     1   Next: 16%
Magic:  3/3        EV:  9    Int: 12    God:
Gold:   0          SH:  0    Dex:  8    Spells: 2/3 levels left

rFire    . . .     SeeInvis .   a - +0 spear
rCold    . . .     Gourm    .   (no shield)
rNeg     . . .     Faith    .   b - +0 leather armour
rPois    .         Spirit   .   (no helmet)
rElec    .         Reflect  .   (no cloak)
rCorr    .         Harm     .   (no gloves)
MR       .....                  (no barding)
Stlth    ..........             c - amulet of magic regeneration
HPRegen  0.05/turn              (no ring)
MPRegen  0.33/turn              (no ring)

@: very quick
A: large, hooves 3, deformed body, speed 2, tough skin 3
a: no special abilities


You were on level 1 of the Dungeon.
You were not hungry.

You visited 1 branch of the dungeon, and saw 1 of its levels.

Inventory:

Hand Weapons
 a - a +0 spear (weapon)
Armour
 b - a +0 leather armour (worn)
Jewellery
 c - an amulet of magic regeneration (around neck)
Comestibles
 d - a ration


   Skills:
 - Level 2.0 Fighting
 * Level 1.9 Polearms
 - Level 0.6 Armour
 - Level 1.3 Dodging
 - Level 1.5 Spellcasting
 - Level 2.6 Charms


You had 2 spell levels left.
You knew the following spells:

 Your Spells              Type           Power        Failure   Level  Hunger
a - Infusion              Chrm           #...         12%         1    ##.....

Your spell library contained the following spells:

 Spells                   Type           Power        Failure   Level  Hunger
 Song of Slaying          Chrm           #.......     19%         2    ###....
 Shroud of Golubria       Chrm/Tloc      #.....       32%         2    ###....
 Ozocubu's Armour         Chrm/Ice       #.......     54%         3    ####...
 Spectral Weapon          Hex/Chrm       #.......     54%         3    ####...


Dungeon Overview and Level Annotations

Branches:
Dungeon (1/15)

Altars:


Innate Abilities, Weirdness & Mutations

You have hooves in place of feet.
Armour fits poorly on your strangely shaped body.
You cover ground very quickly.
You have extremely tough skin. (AC +3)


Message History

The hobgoblin hits you with a cursed +0 club.
You barely miss the hobgoblin. Your kick misses the hobgoblin.
The hobgoblin is moderately wounded.
The hobgoblin hits you but does no damage.
You hit the hobgoblin but do no damage.
The hobgoblin is moderately wounded.
The hobgoblin hits you with a cursed +0 club.
You barely miss the hobgoblin.
The hobgoblin is moderately wounded.
The hobgoblin hits you but does no damage.
You closely miss the hobgoblin.
The hobgoblin is moderately wounded.
You hit the hobgoblin.
You kill the hobgoblin!
Things that are here:
a cursed +0 club; a hobgoblin corpse
e - a cursed +0 club You drop a cursed +0 club.
Unknown command.
Are you sure you want to abandon this character and quit the game? (Confirm with "yes".)

####...#### #...#
####...####
#.........# ###
#.........# #.#
#.........###.#
............##†#
#.#.........##)###.#
#.##.######..@.....#
#. #......##### .
#.###..# #. #.... #
#.###. ..# # ... ...


There were no monsters in sight!

Vanquished Creatures
  A hobgoblin (D:1)
1 creature vanquished.

Notes
Turn   | Place    | Note
-------+----------+-------------------------------------------
     0 | D:1      | Kagalorn the Centaur Skald began the quest for the Orb.
     0 | D:1      | Reached XP level 1. HP: 17/17 MP: 3/3
    41 | D:1      | Quit the game

Levels and vault maps discovered:
D:1:      minmay_arrival_hallway, layout_loops_corners, serial_rivers,
          chequers_serial_rivers_room_a, chequers_serial_rivers_small_3,
          chequers_serial_rivers_micro_a, chequers_serial_rivers_marsh

Action                   || total
-------------------------++-------
Melee: Spear             ||    10
Armor: Leather armour    ||     2
Dodge: Dodged            ||     1

Table legend:
 A = Non-vault XP
 B = Vault XP
 C = Vault XP percentage of total XP
 D = Non-vault monster count
 E = Vault monster count
 F = Vault count percentage of total count
                 A         B        C        D         E       F
            +---------+---------+-------+---------+---------+-------
      Total |       2 |       0 |   0.0 |       1 |       0 |   0.0
            +---------+---------+-------+---------+---------+-------
        D:1 |       2 |       0 |   0.0 |       1 |       0 |   0.0
            +---------+---------+-------+---------+---------+-------
